 Dungeon Crawl Stone Soup version 0.31-a0-236-g9a0961fb85 (webtiles) character file.

Game seed: 13932901980196602935

50 qw the Shooter (level 3, -4/29 HPs)
             Began as a Minotaur Hexslinger on July 10, 2023.
             Slain by a gnoll
             ... wielding a +0 whip
              (7 damage)
             ... on level 3 of the Dungeon.
             The game lasted 00:00:23 (1383 turns).

qw the Shooter (Minotaur Hexslinger)                Turns: 1383, Time: 00:00:24

Health: -4/29      AC:  2    Str: 10    XL:     3   Next: 55%
Magic:  3/3        EV: 12    Int: 10    God:
Gold:   89         SH:  0    Dex: 14    Spells: 3/4 levels left

rFire   . . .        Y - +2 sling
rCold   . . .        (no shield)
rNeg    . . .        c - +0 robe
rPois   .            (helmet restricted)
rElec   .            (no cloak)
rCorr   .            (no gloves)
SInv    .            (no boots)
Will    .....        (no amulet)
Stlth   +            (no ring)
HPRegen 0.24/turn    (no ring)
MPRegen 0.08/turn

%: no passive effects
@: no status effects
A: horns 2, retaliatory headbutt, weak 1, subdued magic 1
a: no special abilities


You were on level 3 of the Dungeon.
You visited 1 branch of the dungeon, and saw 3 of its levels.

You collected 89 gold pieces.


Innate Abilities, Weirdness & Mutations

You have a pair of horns on your head.
You reflexively headbutt those who attack you in melee.
You are weak. (Str -2)
Your spells are a little easier to cast, but a little less powerful.


   Skills:
 - Level 2.1 Fighting
 + Level 4.0 Ranged Weapons
 - Level 2.1 Dodging
 - Level 1.0 Spellcasting
 - Level 2.0 Hexes


You had 3 spell levels left.
You knew the following spells:

 Your Spells              Type           Power      Damage    Failure   Level
a - Slow                  Hex            12%        N/A       13%         1

Your spell library contained the following spells:

 Spells                   Type           Power      Damage    Failure   Level
 Inner Flame              Hex/Fire       1%         N/A       52%         3
 Portal Projectile        Hex/Tloc       2%         N/A       52%         3
 Cause Fear               Hex            1%         N/A       80%         4

Inventory:

Hand Weapons
 Y - a +2 sling (weapon)
Armour
 c - a +0 robe (worn)
Potions
 a - a potion of brilliance {unknown}
 d - a potion of invisibility {unknown}
 e - a potion of mutation
 f - a potion of resistance {unknown}
 h - a potion of lignification {unknown}

Dungeon Overview and Level Annotations

Branches:
Dungeon (3/15)

Altars:

Shops:
D:1 [


Message History

Your Ranged Weapons skill increases to level 4!
You start resting.
HP restored.
You hear the slow rusting of a distant drain.
You see here a jackal corpse.
Things that are here:
a +0 whip; a gnoll corpse
a - a sapphire potion You open the huge gate.
An orc comes into view. It is wielding a +0 hand axe.
Found a sling.
The orc shouts! x2; You hear a shout!
There is a huge open gate here.
The gnoll shouts!
You open the door.
The orc throws a boomerang.
The boomerang closely misses you.
You shoot a sling bullet. The sling bullet barely misses the orc.
An orc opens the door.
You shoot a sling bullet. The sling bullet hits the orc.
The orc is almost dead.
An orc comes into view. It is wielding a +0 club.
The orc hits you with a +0 dagger.
You shoot a sling bullet. The sling bullet barely misses the orc.
The orc hits you with a +0 hand axe. The orc barely misses you.
The orc hits you with a +0 hand axe. The orc closely misses you.
You shoot a sling bullet.
The sling bullet hits the orc but does no damage.
The orc is severely wounded.
The gnoll completely misses you. The orc barely misses you. x2
An orc comes into view. It is wielding a +0 short sword.
You shoot a sling bullet.
The sling bullet closely misses the orc.
The orc shouts!
The gnoll hits you with a +0 whip! The orc barely misses you.
You furiously retaliate!
You headbutt the orc. The orc hits you with a +0 dagger.
You shoot a sling bullet. The sling bullet hits the orc.
You kill the orc!
The orc hits you with a +0 hand axe. x2; The gnoll hits you with a +0 whip!
You die...

#.## #.##.# #..###
###...######.##.###..###
........)%........).....
~~~~....~~~~~~~~~~~~~~~~
~~~~....~~~~~~~~~~~~~~~~
~~~~....~~~~~~~~~~~~####
....................# o.
####''o'############# ..
...#..g@#...).. ##
...'...)o.o....
.o.#....#......
###############


You could see a gnoll and 4 orcs.

Vanquished Creatures
  A gnoll (D:3)
  2 adders (D:2)
  A dart slug (D:2)
  2 orcs (D:3)
  2 giant cockroaches
  3 goblins
  4 jackals (D:3)
  2 quokkas (D:2)
  A ball python (D:2)
  A frilled lizard (D:1)
  A kobold (D:1)
  A rat (D:2)
21 creatures vanquished.

Notes
Turn   | Place    | Note
-------+----------+-------------------------------------------
     0 | D:1      | qw the Minotaur Hexslinger began the quest for the Orb.
     0 | D:1      | Reached XP level 1. HP: 16/16 MP: 1/1
     0 | D:1      | 0 ||| qw: Version: 0.3-a-51-g015441d
     0 | D:1      | 0 ||| qw: Game counter: 4483
     0 | D:1      | 0 ||| qw: Melee chars always use a shield: true
     0 | D:1      | 0 ||| qw: God list: Okawaru
     0 | D:1      | 0 ||| qw: Allow faded altars: false
     0 | D:1      | 0 ||| qw: Do Orc after clearing Dungeon:15 true
     0 | D:1      | 0 ||| qw: Do second Lair branch before Depths: true
     0 | D:1      | 0 ||| qw: Lair rune preference: random
     0 | D:1      | 0 ||| qw: Goals: Normal
     0 | D:1      | 0 ||| PLANNING D:1-11
   118 | D:1      | Found Asaetucw's Antique Armour Shop.
   127 | D:1      | 127 ||| SHOPLISTING cloak (108 gold, have 7).
   127 | D:1      | 127 ||| SHOPLISTING glowing ring mail (168 gold, have 7).
   127 | D:1      | 127 ||| SHOPLISTING leather armour (48 gold, have 7).
   645 | D:1      | 645 ||| DROPPING ring of flight.
   646 | D:1      | 646 ||| READING scroll labelled CEFRUXT JO COC.
   647 | D:1      | 647 ||| DRINKING 2 fuming cyan potions.
   647 | D:1      | Gained mutation: Your spells are a little easier to cast,
                  | but a little less powerful. [potion of mutation]
   647 | D:1      | Gained mutation: You are weak. (Str -2) [potion of
                  | mutation]
   648 | D:1      | 648 ||| DROPPING scroll of poison.
   789 | D:2      | Reached skill level 3 in Ranged Weapons
   789 | D:2      | Reached XP level 2. HP: 23/23 MP: 2/2
   986 | D:2      | Reached XP level 3. HP: 26/29 MP: 3/3
  1312 | D:2      | 1312 ||| READING scroll labelled TAODDAU ISEAD.
  1313 | D:2      | 1313 ||| READING scroll labelled ZULEPHOSIU.
  1314 | D:2      | 1314 ||| READING scroll labelled TASUCZAOCU.
  1322 | D:3      | 1322 ||| PLANNING SEWER
  1361 | D:3      | Reached skill level 4 in Ranged Weapons
  1383 | D:3      | HP: 5/29 [orc/+0 hand axe (5)]
  1383 | D:3      | Slain by a gnoll

Levels and vault maps discovered:
D:1:      mainiacjoe_arrival_reflecting_pool, layout_loops_ring, serial_shops,
          shop
D:2:      layout_basic, minmay_misc_feat_pillars
D:3:      lemuel_castle_with_subvaults [lemuel_castle_interior_carwin_1],
          layout_loops_corners, gammafunk_temple_overflow_forgotten,
          chequers_ecumenical_altar_simple, gup_sewer_entry_pipe,
          item_on_display_a

Skill      XL: |  1  2  3 |
---------------+----------+-----
Ranged Weapons | 3 4 |  4.0
Fighting       | 2 |  2.1
Dodging        | |  2.1
Spellcasting   | |  1.0
Hexes          | |  2.0

Action                     || total
---------------------------++-------
   Fire: Sling             ||    76
    Use: Scroll            ||     4
         Potion            ||     1
 Armour: Robe              ||     4
  Dodge: Dodged            ||    24

Table legend:
 A = Non-vault XP
 B = Vault XP
 C = Vault XP percentage of total XP
 D = Non-vault monster count
 E = Vault monster count
 F = Vault count percentage of total count
                 A         B        C        D         E       F
            +---------+---------+-------+---------+---------+-------
      Total |      47 |      28 |  37.3 |      14 |       7 |  33.3
            +---------+---------+-------+---------+---------+-------
        D:1 |       4 |       0 |   0.0 |       3 |       0 |   0.0
        D:2 |      41 |       0 |   0.0 |      10 |       0 |   0.0
        D:3 |       2 |      28 |  93.3 |       1 |       7 |  87.5
            +---------+---------+-------+---------+---------+-------
